Plink, chaotic male elven Ranger ---------- ----- ------ #-...>....| |d..|######.....| ###|........| ##@...|# |....| # |........| # |d...# #-....| ----- ### |........| ### --+--# #------ -------- |...| # |........| # # # |%?)[%.-### |..*-#### -------.-- ### # # |%..?!.| # |...| # # # # |.%%/..| ##....| # ### # # |.).%.[| |_..| # # # # -------- |...|`####################### ### #### # ---.-# -----|------.--# #-------# ### |.........%...|# #-.....|# |.............|# |.....|# |.............|# |.....|# |...<.........-# |.....|# |.............| |.....-# --------------- ------- Plink the Lookout Experience level: 4 Strength: 15 Dexterity: 11 Constitution: 14 Intelligence: 15 Wisdom: 13 Charisma: 8 Health: 0(25) Energy: 17(17) Def: 4 Gold: 56 Moves: 1459 Dungeon seed: vKSEiftoe5x3wyyw Game ID: Plink_1616355517 Your Inventory: Coins $ - 56 gold pieces Weapons a - a +1 elven dagger (weapon in hand) b - a +1 elven bow (alternate weapon; not wielded) c - 49 +2 elven arrows (in quiver) d - 37 +0 elven arrows j - a +0 elven dagger Armor e - an uncursed +2 elven cloak (being worn) y - an uncursed +0 pair of gauntlets of dexterity (being worn) Comestibles f - 6 uncursed lembas wafers k - an uncursed food ration o - an uncursed apple Potions m - a potion of holy water Rings g - an uncursed ring of polymorph control (on left hand) Wands h - a wand of magic missile (0:6) Tools i - an uncursed lock pick l - an uncursed tin whistle t - an uncursed blindfold Gems n - an uncursed chrysoberyl stone q - an uncursed luckstone r - an uncursed worthless piece of blue glass Spells and supernatural/magical abilities: Name Level Category Fail Memory W - pray for help -- divine ? -- Your skills at the end: Fighting Skills Weapon Skills dagger [Basic] bow [Basic] Spellcasting Skills Final Attributes: You were piously aligned. You were sleep resistant. You had automatic searching. You had infravision. You were stealthy. You had polymorph control. You were lucky. You had extra luck. Bad luck did not time out for you. Good luck did not time out for you. You are dead. Vanquished creatures: a little dog a giant bat a werejackal an iguana 2 acid blobs a hobbit 2 yellow molds a gnome a gnome zombie 2 geckos 5 jackals a fox 2 kobolds a goblin 3 sewer rats a grid bug a bat 2 lichens a kobold zombie 8 newts 38 creatures vanquished. Voluntary challenges: You used a wielded weapon 43 times, starting on turn 147. You were illiterate. You never genocided any monsters. You never polymorphed an object. You never changed form. You used no wishes. You never split a pudding. You never wrote Elbereth's name. You never violated your personal moral code. Dungeon overview: The Dungeons of Doom: levels 1 to 3 Level 1 a long staircase Level 2 Level 3 <- You were here a general store, an altar to Mars a long staircase History has recorded: On T:1 you entered the Dungeons of Doom to retrieve the Amulet of Yendor! On T:282 you reached level 2 of The Dungeons of Doom. On T:453 you advanced to experience level 2. On T:579 you reached level 3 of The Dungeons of Doom. On T:722 you advanced to experience level 3. On T:1146 you advanced to experience level 4. Score breakdown: Gold: 56 ( 5972 points) Experience: 4 levels ( 9649 points) Exploration: 3 levels ( 6.52%) ( 6324 points) Discoveries: 4 items ( 1.38%) ( 3523 points) Valuables value: (no points given unless you survive) Artifact value: 0 ( 0 points) Variety of kills: 20 monsters ( 5.25%) ( 6873 points) Turncount: 1459 turns ( 0 points) Survival: died (score multiplied by 80%) Total score: 25872 Latest messages: The jackal misses. The little dog misses the jackal. You miss the jackal. The jackal bites! The jackal is killed! You hit the jackal. The jackal bites! The little dog bites the jackal. The jackal misses the little dog. The little dog misses the jackal. You are now wielding your elven dagger. b - a +1 elven bow (alternate weapon; not wielded). You kill the jackal! You see here a jackal corpse. The jackal is killed! The little dog eats a jackal corpse. The werejackal just misses! You hit the werejackal! The werejackal bites! You hit the werejackal. The werejackal bites! You hit the werejackal. The werejackal bites! You kill the werejackal! The little dog bites! You die... Final status: Goodbye Plink the Ranger, killed by a little dog... You died in The Dungeons of Doom on dungeon level 3 with 25872 points, and 56 pieces of gold, after 1459 moves. You were level 4 with a maximum of 25 hit points when you died.